 Dungeon Crawl Stone Soup version 0.30-a0-23-ge60ba3568b (webtiles) character file.

Game seed: 16473416837371059012

146 Setbun the Cudgeller (level 5, 0/45 HPs)
             Began as a Minotaur Fighter on Aug 25, 2022.
             Slain by an adder (1 damage)
             ... on level 3 of the Dungeon.
             The game lasted 00:01:29 (1758 turns).

Setbun the Cudgeller (Minotaur Fighter)             Turns: 1758, Time: 00:01:30

Health: 0/45       AC:  6    Str: 23    XL:     5   Next: 7%
Magic:  4/4        EV:  9    Int:  5    God:
Gold:   132        SH:  0    Dex:  9    Spells: 4/4 levels left

rFire   . . .      SeeInvis .    a - +0 flail
rCold   . . .      Faith    .    c - +0 buckler
rNeg    . . .      Spirit   .    b - +0 scale mail
rPois   +          Reflect  .    (helmet restricted)
rElec   .          Harm     .    (no cloak)
rCorr   .          Rampage  .    (no gloves)
Will    .....                    (no boots)
Stlth   ..........               (no amulet)
HPRegen 0.15/turn                l - ring of poison resistance
MPRegen 0.09/turn                (no ring)

@: confused
A: horns 2, retaliatory headbutt
a: no special abilities


You were on level 3 of the Dungeon.
You visited 1 branch of the dungeon, and saw 3 of its levels.

You collected 132 gold pieces.

Inventory:

Hand Weapons
 a - a +0 flail (weapon)
Armour
 b - a +0 scale mail (worn)
 c - a +0 buckler (worn)
Jewellery
 l - a ring of poison resistance (left hand)
Wands
 r - a wand of mindburst (14)
Scrolls
 e - 4 scrolls of identify {unknown}
 h - a scroll of silence {unknown}
 i - 2 scrolls of magic mapping {unknown}
 j - a scroll of teleportation {unknown}
 k - a scroll of brand weapon {unknown}
 n - 4 scrolls of blinking {unknown}
 p - a scroll of summoning {unknown}
 q - a scroll of enchant weapon {unknown}
 s - a scroll of amnesia {unknown}
 t - a scroll of fear {unknown}
Potions
 d - 2 potions of might
 f - a potion of heal wounds {unknown}
 g - a potion of invisibility {unknown}
 m - 2 potions of curing {unknown}
 o - a potion of haste {unknown}


   Skills:
 - Level 3.6 Fighting
 * Level 6.4 Maces & Flails
 - Level 3.6 Armour
 - Level 3.6 Shields


You had 4 spell levels left.
You didn't know any spells.
Your spell library contained the following spells:

 Spells                   Type           Power      Damage    Failure   Level
 Freeze                   Ice            0%         1d3       86%         1
 Ensorcelled Hibernation  Hex/Ice        0%         N/A       95%         2
 Frozen Ramparts          Ice            0%         1d1       99%         3
 Spider Form              Tmut/Pois      0%         N/A       99%         3
 Anguish                  Hex/Necr       0%         N/A       100%        4
 Hailstorm                Conj/Ice       0%         3d3       100%        4


Dungeon Overview and Level Annotations

Branches:
Dungeon (3/15)

Altars:


Innate Abilities, Weirdness & Mutations

You have a pair of horns on your head.
You reflexively headbutt those who attack you in melee.


Message History

You sock the orc!
You kill the orc!
You block the adder's attack.
A magic dart appears from out of thin air!
The magic dart hits you!
* * * LOW HITPOINT WARNING * * *
The orc hits you but does no damage. The orc attacks as you move away!
The orc barely misses you. Something hits you but does no damage.
The adder bites you but does no damage.
Things that are here:
a +0 dagger; a +0 leather armour; an orc corpse You hit something but do no damage.
Your headbutt misses something. The adder barely misses you.
Something hits you.
* * * LOW HITPOINT WARNING * * *
You barely miss something. Your headbutt misses something.
You block the adder's attack. Something hits you but does no damage.
The adder closely misses you.
Unknown command.
You miss something. Your headbutt misses something.
You hear some strange, mumbled words.
You are confused.
The adder barely misses you.
You miss the adder. Something hits you.
* * * LOW HITPOINT WARNING * * *
The adder bites you but does no damage. The orc hits you but does no damage.
You barely miss something. The adder bites you but does no damage.
Something hits you but does no damage. The orc barely misses you.
The adder bites you.
* * * LOW HITPOINT WARNING * * *
You bump into the rock wall.
Something hits you but does no damage. The orc hits you but does no damage.
The adder closely misses you.
Unknown command.
You bump into the rock wall.
Something hits you but does no damage. The orc hits you with a +0 dagger.
* * * LOW HITPOINT WARNING * * *
The adder bites you but does no damage.
You closely miss something. The adder barely misses you. Something hits you.
* * * LOW HITPOINT WARNING * * *
The orc hits you but does no damage. The adder bites you.
You die...

#. #( ## #.#
.. ..
###.##.####
#<........#.#
#..o)...#
#.....#S#####
##.o# #@#
......o{#
##.##.### #.
#


You could see an adder and 2 orcs.

Vanquished Creatures
  Natasha (twice) (D:2)
  4 adders (D:2)
  3 dart slugs
  2 orcs (D:3)
  3 bats (D:1)
  6 endoplasms
  3 giant cockroaches
  4 goblins (D:2)
  3 hobgoblins
  9 kobolds
  2 quokkas (D:1)
  A ball python (D:2)
  7 frilled lizards
  6 rats
55 creatures vanquished.

Notes
Turn   | Place    | Note
-------+----------+-------------------------------------------
     0 | D:1      | Setbun the Minotaur Fighter began the quest for the Orb.
     0 | D:1      | Reached XP level 1. HP: 19/19 MP: 0/0
   104 | D:1      | Reached skill level 3 in Maces & Flails
   187 | D:1      | Reached XP level 2. HP: 23/26 MP: 1/1
   454 | D:1      | Reached skill level 4 in Maces & Flails
   511 | D:1      | Reached XP level 3. HP: 31/31 MP: 2/2
  1093 | D:2      | Noticed Natasha
  1094 | D:2      | Found a faded altar of an unknown god.
  1100 | D:2      | Reached skill level 5 in Maces & Flails
  1118 | D:2      | Reached XP level 4. HP: 26/39 MP: 3/3
  1133 | D:2      | Killed Natasha
  1479 | D:2      | Reached skill level 6 in Maces & Flails
  1522 | D:2      | Noticed Natasha
  1528 | D:2      | Killed Natasha
  1529 | D:2      | Reached XP level 5. HP: 45/45 MP: 4/4
  1758 | D:3      | HP: 1/45 [something (2)]
  1758 | D:3      | Slain by an adder

Illustrated notes

Levels and vault maps discovered:
D:1:      evilmike_arrival_hilbert_curve, layout_loops_ring,
          minmay_tree_intersection
D:2:      layout_basic, basic_ecumenical_altar, uniq_natasha
D:3:      layout_basic, nemelex_xobeh_ov_fountains_minmay,
          gammafunk_ghost_abyssal_escape

Skill      XL: |  1  2  3  4 |
---------------+-------------+-----
Maces & Flails | 3 4 5 6 |  6.4
Fighting       | |  3.6
Armour         | |  3.6
Shields        | |  3.6

Action                   |  1- 3 |  4- 6 || total
-------------------------+-------+-------++-------
Melee: Flail             |    72 |    56 ||   128
       Headbutt          |     9 |     1 ||    10
Armor: Scale mail        |    39 |    37 ||    76
Dodge: Dodged            |    32 |    32 ||    64
Block: Buckler           |    20 |    11 ||    31

Table legend: (Time is in decaauts)
 A = Elapsed time spent in this place.
 B = Non-inter-level travel time spent in this place.
 C = Inter-level travel time spent in this place.
 D = Time resting spent in this place.
 E = Time spent auto-exploring this place.
 F = Levels seen in this place.
 G = Mean time per level.
                   A        B        C        D        E       F      G
               +--------+--------+--------+--------+--------+-----+--------+
         Total |   1783 |   1735 |     48 |    163 |   1264 |   3 |  594.3 |
       Dungeon |   1783 |   1735 |     48 |    163 |   1264 |   3 |  594.3 |
               +--------+--------+--------+--------+--------+-----+--------+

Top non-repeatable levels by time:
     D:1: 997 daAuts
     D:2: 765 daAuts
     D:3: 20 daAuts
